 Dungeon Crawl Stone Soup version 0.23-a0-368-g82e90586b2 (webtiles) character file.

2384 D1HalberdGnoll the Destroyer (level 9, 0/75 HPs)
             Began as a White Draconian Conjurer on Oct 24, 2018.
             Slain by an orc warrior
             ... wielding a +0 trident
              (4 damage)
             ... on level 7 of the Dungeon.
             The game lasted 00:16:29 (8173 turns).

D1HalberdGnoll the Destroyer (DrCj)                 Turns: 8173, Time: 00:16:30

Health: 0/75       AC:  8    Str: 11    XL:     9   Next: 22%
Magic:  17/17      EV: 13    Int: 19    God:
Gold:   385        SH:  0    Dex: 11    Spells: 13/19 levels left

rFire    . . .     SeeInvis .   e - +2 whip (elec)
rCold    + . .     Gourm    .   (no shield)
rNeg     . . .     Faith    .   (armour unavailable)
rPois    .         Spirit   .   (helmet restricted)
rElec    .         Reflect  .   v - +0 cloak
rCorr    .         Harm     .   (no gloves)
MR       .....                  (no boots)
Stlth    +.........             (no amulet)
HPRegen  0.22/turn              (no ring)
MPRegen  0.15/turn              (no ring)

@: confused, slowed, very slow
A: breathe frost, unfitting armour, cold resistance 1, cold-blooded, AC +7
a: Breathe Frost


You were on level 7 of the Dungeon.
You were not hungry.

You visited 1 branch of the dungeon, and saw 7 of its levels.
You also visited: Ossuary.

You collected 385 gold pieces.

Inventory:

Hand Weapons
 e - a +2 whip of electrocution (weapon)
 x - a +3 quarterstaff of chaos
Armour
 v - a +0 cloak (worn)
Wands
 j - a wand of paralysis (24)
 q - a wand of acid (4)
 t - a wand of random effects (6)
Scrolls
 a - a scroll of fog {unknown}
 d - 3 scrolls of teleportation
 p - 2 scrolls of remove curse
 r - 5 scrolls of identify
 w - a scroll of fear
Potions
 c - 2 potions of might {unknown}
 f - a potion of ambrosia
 g - 3 potions of curing
 h - a potion of invisibility {unknown}
 i - 2 potions of mutation {unknown}
 k - 2 potions of agility {unknown}
 l - a potion of flight {unknown}
 m - a potion of brilliance {unknown}
 n - a potion of degeneration {unknown}
 o - 4 potions of heal wounds {unknown}
 s - 2 potions of resistance {unknown}
 u - 2 potions of lignification {unknown}
Comestibles
 b - 6 rations


   Skills:
 + Level 6.1 Fighting
 + Level 4.3 Dodging
 - Level 1.7 Stealth
 + Level 5.6 Spellcasting
 * Level 9.2 Conjurations


You had 13 spell levels left.
You knew the following spells:

 Your Spells              Type           Power        Failure   Level  Hunger
a - Magic Dart            Conj           ####         1%          1    None
b - Searing Ray           Conj           #####.       1%          2    None
c - Dazzling Spray        Conj/Hex       ###...       5%          3    ##.....

Your spell library contained the following spells:

 Spells                   Type           Power        Failure   Level  Hunger
 Iskenderun's Mystic Bla  Conj           #####...     2%          4    ####...
 Force Lance              Conj/Tloc      ###.....     17%         4    ####...
 Fulminant Prism          Conj/Hex       ###.......   17%         4    ####...


Dungeon Overview and Level Annotations

Branches:
Dungeon (7/15)
 Temple: D:4-7

Altars:
Ashenzari
Cheibriados
Hepliaklqana
Okawaru
Qazlal
Uskayaw
Wu Jian
Xom
Zin

Shops:
D:4 *


Innate Abilities, Weirdness & Mutations

You can breathe waves of freezing cold.
You can buffet flying creatures when you breathe cold.
Your icy white scales are hard. (AC +7)
You cannot fit into any form of body armour.
Your flesh is cold resistant. (rC+)
You are cold-blooded and may be slowed by cold attacks.


Message History

* * * LOW HITPOINT WARNING * * *
You feel better.
The orc warrior hits you from afar with a +0 trident.
* * * LOW HITPOINT WARNING * * *
You are confused.
You feel invigorated.
The orc warrior hits you from afar with a +0 trident!
* * * LOW HITPOINT WARNING * * *
The orc warrior completely misses you.
You have got your breath back.
The orc priest mumbles some strange prayers to Beogh against you.
Beogh smites you!
* * * LOW HITPOINT WARNING * * *
The orc warrior closely misses you.
The orc warrior hits you but does no damage.
The orc priest calls down the wrath of Beogh upon you.
Beogh smites you!
* * * LOW HITPOINT WARNING * * *
The orc warrior hits you from afar with a +0 trident.
You die...

########.#..#......≈##.##≈.
#........#.##..^...≈#. #≈.
#....#####.....o...≈# #≈.
##....## ###g..O.≈# #≈.
#......########.###.≈#####≈.
#.............#o# #.≈≈≈≈≈≈o.
#......####...#o# #.O.go....
#......# #.#.#.# #####o....
#......# #@###g# #####.
######## #..ooo# #. #######
##


You could see an orc warrior, an orc priest and an orc.

Vanquished Creatures
  Pikel (D:6)
  Prince Ribbit (D:6)
  An orc warrior (D:6)
  2 slaves (D:6)
  A black bear (D:6)
  4 ogres
  A sky beast (D:6)
  A big kobold (D:4)
  A bullfrog (D:6)
  2 scorpions
  3 crimson imps (D:5)
  2 orc priests (D:4)
  2 hounds
  A centaur zombie (Ossuary)
  A human zombie (Ossuary)
  Crazy Yiuf (D:6)
  An orc wizard (D:7)
  8 worker ants
  2 mummies (Ossuary)
  9 gnolls
  7 adders
  2 shadow imps
  2 oozes
  2 adder zombies
  3 worms
  A dart slug (D:1)
  2 leopard geckos
  12 orcs
  3 giant cockroaches
  8 goblins
  11 hobgoblins
  13 jackals
  7 quokkas
  5 ball pythons
  13 bats
  5 frilled lizards
  A goblin zombie (Ossuary)
  7 hobgoblin zombies (Ossuary)
  2 jackal zombies (Ossuary)
  29 kobolds
  14 kobold zombies (Ossuary)
  A leopard gecko skeleton (D:6)
  A leopard gecko zombie (D:1)
  8 orc zombies (Ossuary)
  6 rats
  2 rat zombies (Ossuary)
212 creatures vanquished.

Vanquished Creatures (others)
  A giant cockroach (D:6)
1 creature vanquished.

Grand Total: 213 creatures vanquished

Notes
Turn   | Place    | Note
-------+----------+-------------------------------------------
     0 | D:1      | D1HalberdGnoll the Draconian Conjurer began the quest for
                  | the Orb.
     0 | D:1      | Reached XP level 1. HP: 14/14 MP: 3/3
   197 | D:1      | Reached XP level 2. HP: 22/22 MP: 0/5
   451 | D:1      | Reached skill level 1 in Fighting
   790 | D:1      | Reached XP level 3. HP: 28/28 MP: 0/6
   946 | D:1      | Learned a level 2 spell: Searing Ray
  1680 | D:2      | Reached XP level 4. HP: 33/36 MP: 0/7
  1773 | D:2      | Reached skill level 5 in Conjurations
  2104 | D:2      | Found a glowing silver altar of Zin.
  2593 | D:3      | Reached XP level 5. HP: 37/42 MP: 1/9
  2748 | D:3      | Found a faded altar of an unknown god.
  3113 | D:3      | Found a stormy altar of Qazlal.
  3113 | D:3      | Found an ornate altar of the Wu Jian Council.
  3113 | D:3      | Found a snail-covered altar of Cheibriados.
  3114 | D:3      | Found a hazy altar of Hepliaklqana.
  3115 | D:3      | Found a shimmering altar of Xom.
  3116 | D:3      | Found a shattered altar of Ashenzari.
  3117 | D:3      | Found an iron altar of Okawaru.
  3426 | D:4      | Noticed an ogre
  3433 | D:4      | Killed an ogre
  3433 | D:4      | Reached XP level 6. HP: 51/51 MP: 4/11
  3504 | D:4      | Reached skill level 6 in Conjurations
  3591 | D:4      | Found Ajumehez's General Store.
  3917 | D:4      | Your scales start taking on an icy white colour.
  3917 | D:4      | Reached XP level 7. HP: 58/58 MP: 3/12
  3917 | D:4      | Gained mutation: Your flesh is cold resistant. (rC+) [White
                  | Draconian growth]
  4844 | D:4      | Got a crude hand axe
  4845 | D:4      | Identified the +5 hand axe of the Foremost Nights
                  | {antimagic, rC+} (You found it on level 4 of the Dungeon)
  4859 | D:5      | Entered Level 5 of the Dungeon
  4874 | D:5      | Reached skill level 7 in Conjurations
  4985 | D:5      | Found a hide-covered altar of Uskayaw.
  5969 | D:5      | Reached XP level 8. HP: 62/67 MP: 5/14
  6148 | D:6      | Found a runed door.
  6741 | D:6      | Reached skill level 5 in Fighting
  6741 | D:6      | Reached skill level 8 in Conjurations
  6830 | D:6      | Noticed Prince Ribbit
  6841 | D:6      | Killed Prince Ribbit
  6845 | D:6      | Noticed Pikel
  6939 | D:6      | Reached skill level 5 in Spellcasting
  6955 | D:6      | Killed Pikel
  6955 | D:6      | Reached XP level 9. HP: 46/75 MP: 8/17
  7097 | D:6      | Learned a level 3 spell: Dazzling Spray
  7587 | D:6      | Reached skill level 9 in Conjurations
  7677 | D:6      | Noticed Crazy Yiuf
  7682 | D:6      | Killed Crazy Yiuf
  7817 | D:7      | Found a sand-covered staircase.
  7828 | Ossuary  | Entered an ossuary
  8173 | D:7      | Slain by an orc warrior

Vault maps used:
D:1:      saegor_arrival_fortress, minmay_tetromino_i2
D:2:      lemuel_round_altar, st_stairs_1, nrook_uturn
D:3:      minitemple, first_ration, chequers_ecumenical_altar_simple_redux,
          hangedman_decor_clover_reticule
D:4:      kennysheep_kobold_camp, serial_shops, shop
D:5:      old_standard_altar
D:6:      uniq_prince_ribbit1, uniq_pikel, uniq_crazy_yiuf_cottage
D:7:      lemuel_temple_firewalk_b, nicolae_ossuary_entry_monument,
          enter_bailey_3, grunt_ogre_cave
Ossuary:  ossuary_tomb_1

Skill      XL: |  1  2  3  4  5  6  7  8  9 |
---------------+----------------------------+-----
Fighting       | 1 2 3 4 5 6 |  6.1
Conjurations   | 5 6 7 8 9 |  9.2
Spellcasting   | 3 4 5 |  5.6
Dodging        | 2 4 |  4.3
Stealth        | |  1.7

Action                   |  1- 3 |  4- 6 |  7- 9 || total
-------------------------+-------+-------+-------++-------
Melee: Unarmed           |     6 |       |    30 ||    36
       Tailslap          |     5 |     6 |    17 ||    28
       Whip              |    46 |   103 |   188 ||   337
       Quarterstaff      |       |       |     1 ||     1
 Cast: Magic Dart        |    81 |    47 |    39 ||   167
       Searing Ray       |     1 |    14 |    31 ||    46
       Dazzling Spray    |       |       |     2 ||     2
 Abil: Breathe Frost     |       |       |     9 ||     9
Evoke: Wand              |       |       |     1 ||     1
  Use: Scroll            |       |     7 |     6 ||    13
       Potion            |       |       |     2 ||     2
 Stab: Paralysed         |       |       |     4 ||     4
  Eat: Chunk             |     4 |     7 |    11 ||    22
       Ration            |       |       |     2 ||     2
Armor: Skin              |    20 |    53 |    67 ||   140
Dodge: Dodged            |    59 |    77 |   156 ||   292

Table legend:
 A = Non-vault XP
 B = Vault XP
 C = Vault XP percentage of total XP
 D = Non-vault monster count
 E = Vault monster count
 F = Vault count percentage of total count
                 A         B        C        D         E       F
            +---------+---------+-------+---------+---------+-------
      Total |    2142 |    1264 |  37.1 |     138 |      72 |  34.3
            +---------+---------+-------+---------+---------+-------
        D:1 |      56 |      10 |  15.2 |      30 |       4 |  11.8
        D:2 |      61 |       5 |   7.6 |      21 |       3 |  12.5
        D:3 |     107 |       0 |   0.0 |      27 |       0 |   0.0
        D:4 |     585 |     129 |  18.1 |      18 |      21 |  53.8
        D:5 |     484 |       0 |   0.0 |      21 |       0 |   0.0
        D:6 |     660 |     959 |  59.2 |      18 |       3 |  14.3
        D:7 |     189 |       4 |   2.1 |       3 |       2 |  40.0
    Ossuary |       0 |     157 | 100.0 |       0 |      39 | 100.0
            +---------+---------+-------+---------+---------+-------
